 Dungeon Crawl Stone Soup version 0.29.1-13-g9f3cf754e1 (webtiles) character file.

Game seed: 16359492218306145905

168 Rikuski the Skirmisher (level 5, 0/43 HPs)
             Began as a Gnoll Hunter on Jan 31, 2023.
             Slain by an ufetubus (2 damage)
             ... summoned by Eustachio
             ... on level 4 of the Dungeon.
             The game lasted 00:16:16 (2990 turns).

Rikuski the Skirmisher (Gnoll Hunter)               Turns: 2990, Time: 00:16:16

Health: 0/43       AC:  3    Str: 11      XL:     5   Next: 48%
Magic:  7/7        EV: 13    Int:  8      God:
Gold:   201        SH:  0    Dex: 15 (17) Spells: 7/7 levels left

rFire   . . .      SeeInvis .   a - +0 shortbow
rCold   . . .      Faith    .   (shield currently unavailable)
rNeg    . . .      Spirit   .   c - +0 leather armour
rPois   .          Reflect  .   (no helmet)
rElec   .          Harm     .   (no cloak)
rCorr   .          Rampage  .   (no gloves)
Will    .....                   (no boots)
Stlth   ++........              (no amulet)
HPRegen 0.14/turn               (no ring)
MPRegen 0.10/turn               (no ring)

@: brilliant
A: fangs 1, strong nose, distributed training
a: no special abilities


You were on level 4 of the Dungeon.
You visited 1 branch of the dungeon, and saw 4 of its levels.

You collected 201 gold pieces.

Inventory:

Hand Weapons
 a - a +0 shortbow (weapon)
 o - a +1 war axe of draining
 r - a +4 dagger of venom
Missiles
 d - 40 stones
Armour
 c - a +0 leather armour (worn)
 e - a +0 robe
 s - a +0 robe of the Archmagi
Jewellery
 t - a ring of wizardry
Scrolls
 b - a scroll of immolation
 h - 2 scrolls of magic mapping {unknown}
 i - 2 scrolls of teleportation {unknown}
 j - 2 scrolls of blinking {unknown}
 l - 3 scrolls of identify {unknown}
 n - a scroll of noise {unknown}
 u - a scroll of fear {unknown}
Potions
 f - a potion of flight {unknown}
 g - 3 potions of heal wounds {unknown}
 k - 2 potions of invisibility {unknown}
 m - a potion of brilliance
 p - a potion of attraction {unknown}
 q - 2 potions of cancellation {unknown}


   Skills:
 + Level 4.8 Fighting
 + Level 1.6 Short Blades
 + Level 1.6 Long Blades
 + Level 1.6 Axes
 + Level 1.6 Maces & Flails
 + Level 1.6 Polearms
 + Level 1.6 Staves
 + Level 8.6 Ranged Weapons
 + Level 1.6 Throwing
 + Level 1.6 Armour
 + Level 4.8 Dodging
 + Level 2.8 Stealth
 + Level 1.6 Shields
 + Level 1.6 Unarmed Combat
 + Level 1.6 Spellcasting
 + Level 1.2 Conjurations
 + Level 1.2 Hexes
 + Level 1.2 Summonings
 + Level 1.2 Necromancy
 + Level 1.2 Translocations
 + Level 1.2 Transmutations
 + Level 1.2 Fire Magic
 + Level 1.2 Ice Magic
 + Level 1.2 Air Magic
 + Level 1.2 Earth Magic
 + Level 1.2 Poison Magic
 + Level 1.8 Invocations
 + Level 1.6 Evocations


You had 7 spell levels left.
You didn't know any spells.
Your spell library contained the following spells:

 Spells                   Type           Power      Damage    Failure   Level
 Borgnjor's Revivificati  Necr           2%         N/A       100%        8
 Necromutation            Tmut/Necr      2%         N/A       100%        8
 Death's Door             Necr           2%         N/A       100%        9


Dungeon Overview and Level Annotations

Branches:
Dungeon (4/15)
 Temple: D:4-7

Altars:

Annotations:
D:4 Eustachio


Innate Abilities, Weirdness & Mutations

You have very sharp teeth.
Your uncanny sense of smell can sniff out nearby items.
Your experience applies equally to all skills.


Message History

The ufetubus barely misses you. The quasit barely misses you.
The quasit completely misses you.
The quasit claws you but does no damage.
You are too injured to fight recklessly!
You clumsily bash the ufetubus but do no damage.
You bite the ufetubus, but do no damage.
The bat hits you.
The ufetubus hits you. x2; The quasit bites you.
You feel clumsy.
The quasit claws you but does no damage.
The quasit closely misses you. The ufetubus hits you.
The ufetubus closely misses you. The quasit bites you.
* * * LOW HITPOINT WARNING * * *
The quasit claws you but does no damage. x2
The ufetubus hits you.
* * * LOW HITPOINT WARNING * * *
The ufetubus barely misses you. The bat hits you but does no damage.
You miss the bat. The bat barely misses you. The bat closely misses you.
The quasit barely misses you. x2; The quasit claws you.
* * * LOW HITPOINT WARNING * * *
Eustachio brags, "I can call spirits from the vasty deep."
Eustachio gestures wildly while chanting.
Eustachio blinks!
The ufetubus hits you.
* * * LOW HITPOINT WARNING * * *
The ufetubus closely misses you.
The quasit bites you but does no damage.
The quasit closely misses you. The quasit claws you.
* * * LOW HITPOINT WARNING * * *
The bat closely misses you. The ufetubus closely misses you. x2
You miss the bat. The bat hits you.
* * * LOW HITPOINT WARNING * * *
The quasit misses you.
The quasit claws you but does no damage.
The quasit closely misses you. The ufetubus misses you.
The ufetubus hits you but does no damage.
The bat hits you but does no damage. The quasit completely misses you.
The quasit claws you but does no damage.
The quasit claws you.
* * * LOW HITPOINT WARNING * * *
The ufetubus hits you.
You die...

......... ..... ... )#
.#........##.#.. ......
..#@......##..##.
....#.#....#.....)....#.
#......#................
.....#.#....##...##.....
.................##.....
......5#5##...##..#.....
#..@b..##.....#..##.
###..#...##..##..[.#
##...#...####...##
###.......###.###
######### ### # ### #..
### #


You could see Eustachio (strong), a quasit (summoned), an ufetubus (summoned)
and a bat (summoned).

Vanquished Creatures
  Jessica (D:3)
  6 adders
  An ufetubus (D:4)
  3 worms
  2 orcs (D:3)
  3 ball pythons
  4 bats
  9 endoplasms
  3 giant cockroaches
  2 hobgoblins (D:2)
  7 jackals (D:2)
  8 kobolds
  3 quokkas
  2 frilled lizards (D:1)
  9 goblins
  7 rats
70 creatures vanquished.

Notes
Turn   | Place    | Note
-------+----------+-------------------------------------------
     0 | D:1      | Rikuski the Gnoll Hunter began the quest for the Orb.
     0 | D:1      | Reached XP level 1. HP: 20/20 MP: 1/1
   161 | D:1      | Found a faded altar of an unknown god.
   193 | D:1      | Reached XP level 2. HP: 26/26 MP: 2/2
  1007 | D:2      | Reached XP level 3. HP: 25/31 MP: 2/4
  1100 | D:2      | Reached skill level 1 in Invocations
  1246 | D:2      | Reached skill level 1 in Short Blades
  1246 | D:2      | Reached skill level 1 in Long Blades
  1246 | D:2      | Reached skill level 1 in Axes
  1246 | D:2      | Reached skill level 1 in Maces & Flails
  1246 | D:2      | Reached skill level 1 in Polearms
  1246 | D:2      | Reached skill level 1 in Staves
  1246 | D:2      | Reached skill level 1 in Throwing
  1246 | D:2      | Reached skill level 1 in Armour
  1246 | D:2      | Reached skill level 1 in Shields
  1246 | D:2      | Reached skill level 1 in Unarmed Combat
  1246 | D:2      | Reached skill level 1 in Spellcasting
  1246 | D:2      | Reached skill level 1 in Evocations
  1252 | D:2      | Reached XP level 4. HP: 30/38 MP: 5/5
  1950 | D:3      | Reached skill level 1 in Conjurations
  1950 | D:3      | Reached skill level 1 in Hexes
  1950 | D:3      | Reached skill level 1 in Summonings
  1950 | D:3      | Reached skill level 1 in Necromancy
  1950 | D:3      | Reached skill level 1 in Translocations
  1950 | D:3      | Reached skill level 1 in Transmutations
  1950 | D:3      | Reached skill level 1 in Fire Magic
  1950 | D:3      | Reached skill level 1 in Ice Magic
  1950 | D:3      | Reached skill level 1 in Air Magic
  1950 | D:3      | Reached skill level 1 in Earth Magic
  1950 | D:3      | Reached skill level 1 in Poison Magic
  2270 | D:3      | Noticed Jessica
  2275 | D:3      | Killed Jessica
  2276 | D:3      | Reached XP level 5. HP: 37/43 MP: 7/7
  2966 | D:4      | Noticed Eustachio
  2990 | D:4      | HP: 2/43 [quasit[Eustachio] (1)]
  2990 | D:4      | Slain by an ufetubus

Illustrated notes

Levels and vault maps discovered:
D:1:      onia_arrival_mini_maze, layout_basic, ebering_ecumenical_altar_mist,
          minivault_11, serial_park_tiny_1
D:2:      layout_basic
D:3:      layout_basic, minmay_misc_feat_plants, uniq_jessica
D:4:      layout_cave_pools, grunt_temple_overflow_cloverleaf,
          mainiacjoe_overflow_boulevard, hangedman_decor_peaks_small,
          uniq_eustachio

Skill      XL: |  1  2  3  4 |
---------------+-------------+-----
Invocations    | 1 |  1.8
Short Blades   | 1 |  1.6
Long Blades    | 1 |  1.6
Axes           | 1 |  1.6
Maces & Flails | 1 |  1.6
Polearms       | 1 |  1.6
Staves         | 1 |  1.6
Throwing       | 1 |  1.6
Armour         | 1 |  1.6
Shields        | 1 |  1.6
Unarmed Combat | 1 |  1.6
Spellcasting   | 1 |  1.6
Evocations     | 1 |  1.6
Conjurations   | 1 |  1.2
Hexes          | 1 |  1.2
Summonings     | 1 |  1.2
Necromancy     | 1 |  1.2
Translocations | 1 |  1.2
Transmutations | 1 |  1.2
Fire Magic     | 1 |  1.2
Ice Magic      | 1 |  1.2
Air Magic      | 1 |  1.2
Earth Magic    | 1 |  1.2
Poison Magic   | 1 |  1.2
Fighting       | |  4.8
Ranged Weapons | |  8.6
Dodging        | |  4.8
Stealth        | |  2.8

Action                   |  1- 3 |  4- 6 || total
-------------------------+-------+-------++-------
Melee: Shortbow          |    15 |     3 ||    18
       Bite              |     1 |     1 ||     2
 Fire: Shortbow          |    79 |   127 ||   206
  Use: Potion            |       |     1 ||     1
Armor: Leather armour    |    13 |    36 ||    49
Dodge: Dodged            |    59 |    55 ||   114
